Rangers vs Flames
Created - November 26, 2025 at 19:01
Goals
|
| Rangers |
0 |
1 |
3 |
4 |
| Flames |
1 |
3 |
1 |
5 |
|
Shots
|
| Rangers |
10 |
11 |
10 |
31 |
| Flames |
7 |
14 |
9 |
30 |
|
1st period
1. Flames , Tanner Pearson 2 (Kevin Labanc 6) at 12:26
Penalties :
Brad Marchand (Cal) for Holding (Minor) at 6:17
2nd period
2. Rangers , Sean Couturier 3 (Cale Makar 6, Vince Dunn 5) at 9:37 (PP)
3. Flames , Patrik Berglund 3 (Jake DeBrusk 7) at 11:14
4. Flames , Jimmy Hayes 7 (Kyle Palmieri 5, Brad Marchand 2) at 13:19
5. Flames , Jimmy Hayes 8 (Patrik Berglund 7) at 17:22 (PP)
Penalties :
Rasmus Andersson (Cal) for Goalie Interference (Minor) at 9:19, Ondrej Palat (NyR) for Holding Stick (Minor) at 17:20, Christian Folin (Cal) for Holding Stick (Minor) at 17:39
3rd period
6. Rangers , David Pope 2 (Oliver Bjorkstrand 1, Steven Santini 1) at 2:34
7. Flames , Sami Vatanen 3 (Erik Johnson 4, Bryan Rust 2) at 8:27
8. Rangers , Cale Makar 3 (Sean Couturier 6) at 8:31
9. Rangers , Tomas Hertl 3 (Milan Lucic 6, Vince Dunn 6) at 19:11
Penalties :
Erik Johnson (Cal) for Hooking (Minor) at 3:29, Devante Smith-Pelly (NyR) for Interference (Minor) at 9:04, Tomas Hertl (NyR) for Cross-checking (Minor) at 13:17
Goalie Stats
Eric Comrie (NyR), 6 saves from 6 shots - (1.000), 11:33 minutes
Samuel Montembeault (NyR), 19 saves from 24 shots - (0.792), L, 3-5-0, 48:27 minutes
Jonathan Quick (Cal), 27 saves from 31 shots - (0.871), W, 5-3-0, 60:00 minutes
Players Stats for Rangers
Player Name G A P +/- PIM S H SB GA TA FO MP PP MP PK MP
------------------------------------------------------------------------------------
Cale Makar 1 1 2 -1 0 2 1 4 1 0 0/0 26:36 4:12 2:54
Casey Mittelstadt 0 0 0 -1 0 2 2 0 0 1 8/19 14:56 0:00 2:41
Connor Chatam 0 0 0 -1 0 0 0 0 0 1 0/0 12:08 0:00 0:00
David Pope 1 0 1 1 0 2 2 0 2 1 0/0 11:02 0:00 0:21
Derrick Pouliot 0 0 0 1 0 1 1 3 0 0 0/0 13:22 0:00 0:00
Devante Smith-Pelly 0 0 0 0 2 0 1 1 0 0 1/2 15:20 2:47 0:00
Henrik Samuelsson 0 0 0 1 0 0 0 1 0 0 6/8 11:27 0:00 0:58
Jake McCabe 0 0 0 -1 0 0 0 2 1 0 0/0 23:35 2:03 2:54
Mikhail Sergachev 0 0 0 -1 0 3 0 2 0 1 0/0 20:02 2:03 1:06
Milan Lucic 0 1 1 0 0 3 2 0 0 0 0/1 18:04 3:28 2:41
Oliver Bjorkstrand 0 1 1 1 0 2 0 0 0 1 0/0 10:29 0:00 0:00
Ondrej Palat 0 0 0 -1 2 1 0 1 1 1 1/1 12:07 0:00 0:00
Ryan Strome 0 0 0 -1 0 3 1 1 0 0 2/4 18:16 3:28 0:21
Sean Couturier 1 1 2 -1 0 2 2 0 0 0 13/27 19:41 3:28 0:58
Steven Santini 0 1 1 1 0 1 0 0 0 1 0/0 13:22 0:00 0:00
Tomas Hertl 1 0 1 0 2 3 0 0 0 0 6/11 14:39 2:47 0:00
Viktor Arvidsson 0 0 0 -1 0 3 2 0 1 0 0/1 17:48 2:47 0:00
Vince Dunn 0 2 2 -1 0 3 3 2 2 0 0/0 23:03 4:12 1:06
Players Stats for Flames
Player Name G A P +/- PIM S H SB GA TA FO MP PP MP PK MP
------------------------------------------------------------------------------------
Anders Lee 0 0 0 -2 0 0 0 0 0 0 4/4 9:43 1:57 1:04
Brad Marchand 0 1 1 1 2 0 1 0 1 0 0/1 16:24 0:00 1:32
Bryan Rust 0 1 1 1 0 2 2 1 0 0 1/2 22:18 0:00 3:56
Christian Folin 0 0 0 0 2 1 2 1 1 1 0/0 22:34 1:27 1:58
Colby Robak 0 0 0 0 0 0 2 0 0 0 0/0 11:41 0:00 1:23
David Ullstrom 0 0 0 -2 0 0 0 0 0 1 0/0 7:23 0:00 0:47
Erik Johnson 0 1 1 1 2 0 1 3 1 0 0/0 25:56 2:33 2:54
Esa Lindell 0 0 0 0 0 1 2 2 1 0 0/0 22:38 1:27 2:22
Evgeny Svechnikov 0 0 0 -2 0 1 1 0 0 0 0/0 6:29 0:00 0:00
Jake DeBrusk 0 1 1 1 0 5 1 1 1 1 0/0 19:28 2:03 0:00
Jimmy Hayes 2 0 2 1 0 5 1 0 0 0 0/1 15:29 2:03 0:00
Kevin Labanc 0 1 1 1 0 5 1 0 1 0 0/1 13:18 1:57 0:00
Kyle Palmieri 0 1 1 1 0 1 0 0 0 0 5/11 14:33 0:00 1:20
Patrik Berglund 1 1 2 1 0 3 0 0 0 1 19/39 20:16 2:03 0:00
Rasmus Andersson 0 0 0 0 2 1 0 0 0 3 0/0 10:25 0:00 0:00
Sami Vatanen 1 0 1 1 0 3 2 2 0 0 0/0 26:56 2:33 3:53
Tanner Pearson 1 0 1 1 0 2 0 1 1 0 1/1 12:42 1:57 0:00
Victor Rask 0 0 0 1 0 0 1 0 0 1 7/14 15:28 0:00 3:51
3 Stars
1 - Jimmy Hayes (Cal)
2 - Patrik Berglund (Cal)
3 - Sami Vatanen (Cal)
Power Play
Rangers - 1 on 4 Attempt(s) - 25.00%
Flames - 1 on 3 Attempt(s) - 33.33%
Penalty Kill
Rangers - 2 on 3 Attempt(s) - 66.67%
- Score 0 goal in Penalty Kill
Flames - 3 on 4 Attempt(s) - 75.00%
- Score 0 goal in Penalty Kill
Team Stat
Rangers - Hits : 17 - Faceoff Wins : 37 - Blocked Shots : 17 - Penalty Minutes : 6
Flames - Hits : 17 - Faceoff Wins : 37 - Blocked Shots : 11 - Penalty Minutes : 8
Official
Referees : Mitch Dunning and Chris Rooney
Linesman : Jonny Murray and Steve Barton
Game Notes
Eric Comrie enters game at 8:27 of 3rd period
Finance
Level 1 -- Attendance: 5662 (94.37%) -- Ticket Income $566,200
Level 2 -- Attendance: 4932 (98.64%) -- Ticket Income $345,240
Level 3 -- Attendance: 1877 (93.85%) -- Ticket Income $75,080
Level 4 -- Attendance: 3703 (92.58%) -- Ticket Income $111,090
Luxury Box -- Attendance: 992 (99.20%) -- Ticket Income $198,400
Game was played at the Scotiabank Saddledome.
Total Attendance: 17166 (95.37%)
Total Ticket Income: $1,296,010
Other Income: $194,402
Total Income: $1,490,412
Rangers
5 vs 5 Forward
Center Left Wing Right Wing Time % Phy DF OF
1 Sean Couturier Viktor Arvidsson Ryan Strome 30 1 2 2
2 Tomas Hertl Milan Lucic Devante Smith-Pelly 25 1 2 2
3 Casey Mittelstadt Ondrej Palat Connor Chatam 25 1 2 2
4 Henrik Samuelsson David Pope Oliver Bjorkstrand 20 1 2 2
5 vs 5 Defense
Defense Defense Time % Phy DF OF
1 Cale Makar Jake McCabe 40 1 2 2
2 Mikhail Sergachev Vince Dunn 35 1 2 2
3 Derrick Pouliot Steven Santini 25 1 2 2
4 Cale Makar Jake McCabe 0 1 2 2
PowerPlay Forward
Center Left Wing Right Wing Time % Phy DF OF
1 Sean Couturier Milan Lucic Ryan Strome 60 1 2 2
2 Tomas Hertl Viktor Arvidsson Devante Smith-Pelly 40 1 2 2
PowerPlay Defense
Defense Defense Time % Phy DF OF
1 Cale Makar Vince Dunn 60 1 2 2
2 Mikhail Sergachev Jake McCabe 40 1 2 2
Penalty Kill 4 Players Forward
Center Wing Time % Phy DF OF
1 Casey Mittelstadt Milan Lucic 60 1 2 2
2 Sean Couturier Henrik Samuelsson 40 1 2 2
Penalty Kill 4 Players Defense
Defense Defense Time % Phy DF OF
1 Cale Makar Jake McCabe 60 1 2 2
2 Mikhail Sergachev Vince Dunn 40 1 2 2
Penalty Kill - 3 Players Forward
Forward Time % Phy DF OF
1 Casey Mittelstadt 60 1 2 2
2 Henrik Samuelsson 40 1 2 2
Penalty Kill - 3 Players Defense
Defense Defense Time % Phy DF OF
1 Cale Makar Jake McCabe 60 1 2 2
2 Mikhail Sergachev Vince Dunn 40 1 2 2
4 vs 4 Forward
Center Wing Time % Phy DF OF
1 Sean Couturier Milan Lucic 60 1 2 2
2 Tomas Hertl Viktor Arvidsson 40 1 2 2
4 vs 4 Defense
Defense Defense Time % Phy DF OF
1 Cale Makar Vince Dunn 60 1 2 2
2 Mikhail Sergachev Jake McCabe 40 1 2 2
Last Minutes Offensive
Center Left Wing Right Wing Defense Defense
Sean Couturier Milan Lucic Devante Smith-Pelly Cale Makar Vince Dunn
Last Minutes Defensive
Center Left Wing Right Wing Defense Defense
Sean Couturier Milan Lucic Devante Smith-Pelly Cale Makar Mikhail Sergachev
Goaltenders
Starting : Samuel Montembeault
Backup : Eric Comrie
Extra Forwards
Normal : Ryan Strome, Tomas Hertl, Ondrej Palat - PP : Ryan Strome, Tomas Hertl - PK : Ryan Strome
Extra Defensemen
Normal : Vince Dunn, Derrick Pouliot, Steven Santini - PP : Vince Dunn - PK : Vince Dunn, Derrick Pouliot
Penalty Shots
Milan Lucic, Sean Couturier, Viktor Arvidsson, Devante Smith-Pelly, Ryan Strome
Custom OT Lines Forwards
Milan Lucic, Sean Couturier, Viktor Arvidsson, Devante Smith-Pelly, Ryan Strome, Tomas Hertl, Ondrej Palat, Oliver Bjorkstrand, David Pope, Henrik Samuelsson
Custom OT Lines Defensemen
Cale Makar, Jake McCabe, Mikhail Sergachev, Vince Dunn, Derrick Pouliot
Scratches
Sebastian Collberg (Healthy)
Flames
5 vs 5 Forward
Center Left Wing Right Wing Time % Phy DF OF
1 Patrik Berglund Jake DeBrusk Bryan Rust 40 1 2 2
2 Kyle Palmieri Brad Marchand Jimmy Hayes 30 1 2 2
3 Victor Rask Tanner Pearson Kevin Labanc 20 1 2 2
4 Anders Lee David Ullstrom Evgeny Svechnikov 10 1 2 2
5 vs 5 Defense
Defense Defense Time % Phy DF OF
1 Sami Vatanen Erik Johnson 40 1 2 2
2 Esa Lindell Christian Folin 30 1 2 2
3 Colby Robak Rasmus Andersson 20 1 2 2
4 Esa Lindell Christian Folin 10 1 2 2
PowerPlay Forward
Center Left Wing Right Wing Time % Phy DF OF
1 Patrik Berglund Jake DeBrusk Jimmy Hayes 60 1 1 3
2 Anders Lee Tanner Pearson Kevin Labanc 40 1 1 3
PowerPlay Defense
Defense Defense Time % Phy DF OF
1 Sami Vatanen Erik Johnson 60 1 1 3
2 Esa Lindell Christian Folin 40 1 1 3
Penalty Kill 4 Players Forward
Center Wing Time % Phy DF OF
1 Victor Rask Bryan Rust 60 1 3 1
2 Kyle Palmieri Brad Marchand 40 1 3 1
Penalty Kill 4 Players Defense
Defense Defense Time % Phy DF OF
1 Sami Vatanen Erik Johnson 60 1 3 1
2 Esa Lindell Christian Folin 40 1 3 1
Penalty Kill - 3 Players Forward
Forward Time % Phy DF OF
1 Bryan Rust 60 1 2 2
2 Patrik Berglund 40 1 2 2
Penalty Kill - 3 Players Defense
Defense Defense Time % Phy DF OF
1 Sami Vatanen Erik Johnson 60 1 2 2
2 Esa Lindell Christian Folin 40 1 2 2
4 vs 4 Forward
Center Wing Time % Phy DF OF
1 Patrik Berglund Jake DeBrusk 60 1 2 2
2 Victor Rask Bryan Rust 40 1 2 2
4 vs 4 Defense
Defense Defense Time % Phy DF OF
1 Sami Vatanen Erik Johnson 60 1 2 2
2 Esa Lindell Christian Folin 40 1 2 2
Last Minutes Offensive
Center Left Wing Right Wing Defense Defense
Patrik Berglund Jake DeBrusk Bryan Rust Sami Vatanen Erik Johnson
Last Minutes Defensive
Center Left Wing Right Wing Defense Defense
Patrik Berglund Brad Marchand Bryan Rust Sami Vatanen Erik Johnson
Goaltenders
Starting : Jonathan Quick
Backup : Christopher Gibson
Extra Forwards
Normal : Brad Marchand, Kevin Labanc, David Ullstrom - PP : Evgeny Svechnikov, Tanner Pearson - PK : Bryan Rust
Extra Defensemen
Normal : Erik Johnson, Rasmus Andersson, Esa Lindell - PP : Esa Lindell - PK : Christian Folin, Colby Robak
Penalty Shots
Evgeny Svechnikov, Patrik Berglund, Jimmy Hayes, Jake DeBrusk, Tanner Pearson
Custom OT Lines Forwards
Jake DeBrusk, Patrik Berglund, Bryan Rust, Jimmy Hayes, Brad Marchand, Kevin Labanc, Tanner Pearson, Evgeny Svechnikov, David Ullstrom, Victor Rask
Custom OT Lines Defensemen
Sami Vatanen, Erik Johnson, Esa Lindell, Christian Folin, Colby Robak
Scratches
Peter Cehlarik (Healthy)
% Time on Ice - Rangers
Lines # - Real PCT - Wanted PCT - Time Play
Normal Forward
1 - 30% - 30% - 14:34
2 - 24% - 25% - 11:46
3 - 25% - 25% - 12:08
4 - 21% - 20% - 10:29
Normal Defense
1 - 39% - 40% - 19:19
2 - 34% - 35% - 16:53
3 - 26% - 25% - 12:45
4 - 0% - 0% - 0:00
PP Forward
1 - 55% - 60% - 3:28
2 - 45% - 40% - 2:47
PP Defense
1 - 67% - 60% - 4:12
2 - 33% - 40% - 2:03
PK Forward
1 - 76% - 60% - 3:02
2 - 24% - 40% - 0:58
PK Defense
1 - 73% - 60% - 2:54
2 - 28% - 40% - 1:06
PK3 Forward
1 - 0% - 60%
2 - 0% - 40%
PK3 Defense
1 - 0% - 60%
2 - 0% - 40%
44 Forward
1 - 0% - 60%
2 - 0% - 40%
44 Defense
1 - 0% - 60%
2 - 0% - 40%
Last Minute Offensive - 0:48
Last Minute Defensive - 0:00
Total
Forward - 60:00
Defense - 60:00
|
% Time on Ice - Flames
Lines # - Real PCT - Wanted PCT - Time Play
Normal Forward
1 - 38% - 40% - 18:30
2 - 27% - 30% - 13:13
3 - 22% - 20% - 10:45
4 - 13% - 10% - 6:29
Normal Defense
1 - 40% - 40% - 19:42
2 - 32% - 30% - 15:44
3 - 21% - 20% - 10:26
4 - 6% - 10% - 3:05
PP Forward
1 - 51% - 60% - 2:03
2 - 49% - 40% - 1:57
PP Defense
1 - 64% - 60% - 2:33
2 - 36% - 40% - 1:27
PK Forward
1 - 79% - 60% - 4:55
2 - 21% - 40% - 1:20
PK Defense
1 - 62% - 60% - 3:53
2 - 38% - 40% - 2:22
PK3 Forward
1 - 0% - 60%
2 - 0% - 40%
PK3 Defense
1 - 0% - 60%
2 - 0% - 40%
44 Forward
1 - 0% - 60%
2 - 0% - 40%
44 Defense
1 - 0% - 60%
2 - 0% - 40%
Last Minute Offensive - 0:00
Last Minute Defensive - 0:48
Total
Forward - 60:00
Defense - 60:00
|
Play-by-Play
1st period
0:01 of 1st period - Sean Couturier wins face-off versus Patrik Berglund in neutral zone.
1:09 of 1st period - Henrik Samuelsson is hit by Christian Folin and loses puck.
1:36 of 1st period - Slapshot by Viktor Arvidsson.
1:36 of 1st period - Stopped by Jonathan Quick with a rebound.
1:38 of 1st period - Snap shot by Vince Dunn.
1:38 of 1st period - Stopped by Jonathan Quick without a rebound.
1:39 of 1st period - Patrik Berglund wins face-off versus Casey Mittelstadt in Flames zone.
1:46 of 1st period - Snap shot by Mikhail Sergachev.
1:46 of 1st period - Shot Misses the Net.
1:48 of 1st period - Wrist shot by Casey Mittelstadt.
1:48 of 1st period - Stopped by Jonathan Quick without a rebound.
1:49 of 1st period - Casey Mittelstadt wins face-off versus Patrik Berglund in Flames zone.
2:05 of 1st period - Icing by Steven Santini.
2:06 of 1st period - Kyle Palmieri wins face-off versus Casey Mittelstadt in Rangers zone.
3:02 of 1st period - Wrist shot by Connor Chatam.
3:02 of 1st period - Shot Blocked by Esa Lindell.
3:04 of 1st period - Slapshot by Steven Santini.
3:04 of 1st period - Deflect By Ondrej Palat.
3:04 of 1st period - Stopped by Jonathan Quick with a rebound.
3:06 of 1st period - Slapshot by Steven Santini.
3:06 of 1st period - Deflect By Ondrej Palat.
3:06 of 1st period - Shot Misses the Net.
3:06 of 1st period - Puck is out of play.
3:07 of 1st period - Tomas Hertl wins face-off versus Kyle Palmieri in Flames zone.
3:41 of 1st period - Vince Dunn is hit by Sami Vatanen and loses puck.
4:25 of 1st period - Slapshot by Evgeny Svechnikov.
4:25 of 1st period - Shot Misses the Net.
4:37 of 1st period - Sean Couturier is hit by Brad Marchand and loses puck.
5:15 of 1st period - Connor Chatam is hit by Victor Rask.
5:23 of 1st period - Wrist shot by Derrick Pouliot.
5:23 of 1st period - Stopped by Jonathan Quick with a rebound.
5:26 of 1st period - Icing by Erik Johnson.
5:27 of 1st period - Tomas Hertl wins face-off versus Victor Rask in Flames zone.
5:40 of 1st period - Snap shot by Kevin Labanc.
5:40 of 1st period - Stopped by Samuel Montembeault without a rebound.
5:41 of 1st period - Sean Couturier wins face-off versus Bryan Rust in Rangers zone.
5:50 of 1st period - Esa Lindell is hit by Ryan Strome and loses puck.
6:15 of 1st period - Snap shot by David Pope.
6:15 of 1st period - Shot Misses the Net.
6:17 of 1st period - Minor Penalty to Brad Marchand for Holding.
6:18 of 1st period - Victor Rask wins face-off versus Sean Couturier in Flames zone.
6:33 of 1st period - Slapshot by Sean Couturier.
6:33 of 1st period - Stopped by Jonathan Quick without a rebound.
6:34 of 1st period - Victor Rask wins face-off versus Sean Couturier in Flames zone.
6:47 of 1st period - Snap shot by Ryan Strome.
6:47 of 1st period - Shot Blocked by Erik Johnson.
6:49 of 1st period - Wrist shot by Vince Dunn.
6:49 of 1st period - Shot Misses the Net.
7:09 of 1st period - Slapshot by Vince Dunn.
7:09 of 1st period - Stopped by Jonathan Quick without a rebound.
7:10 of 1st period - Bryan Rust wins face-off versus Sean Couturier in Flames zone.
7:38 of 1st period - Off-side.
7:39 of 1st period - Tomas Hertl wins face-off versus Kyle Palmieri in neutral zone.
8:17 of 1st period - Penalty to Brad Marchand is over, Brad Marchand is back on ice.
8:52 of 1st period - Wrist shot by Victor Rask.
8:52 of 1st period - Shot Misses the Net.
9:06 of 1st period - Snap shot by Viktor Arvidsson.
9:06 of 1st period - Deflect By Sami Vatanen.
9:06 of 1st period - Stopped by Jonathan Quick with a rebound.
9:08 of 1st period - Slapshot by Vince Dunn.
9:08 of 1st period - Stopped by Jonathan Quick without a rebound.
9:09 of 1st period - Anders Lee wins face-off versus Henrik Samuelsson in Flames zone.
9:09 of 1st period - Anders Lee is hit by David Pope.
9:19 of 1st period - Steven Santini is hit by Evgeny Svechnikov and loses puck.
9:47 of 1st period - Wrist shot by Patrik Berglund.
9:47 of 1st period - Stopped by Samuel Montembeault with a rebound.
9:49 of 1st period - Slapshot by Jake DeBrusk.
9:49 of 1st period - Shot Misses the Net.
9:51 of 1st period - Slapshot by Colby Robak.
9:51 of 1st period - Shot Misses the Net.
9:53 of 1st period - Wrist shot by Jake DeBrusk.
9:53 of 1st period - Stopped by Samuel Montembeault with a rebound.
9:55 of 1st period - Wrist shot by Jake DeBrusk.
9:55 of 1st period - Shot Blocked by Derrick Pouliot.
9:57 of 1st period - Snap shot by Colby Robak.
9:57 of 1st period - Shot Misses the Net.
10:19 of 1st period - Sean Couturier is hit by Colby Robak and loses puck.
11:24 of 1st period - Brad Marchand is hit by Milan Lucic and loses puck.
11:35 of 1st period - Steven Santini is hit by Jake DeBrusk.
12:26 of 1st period - Wrist shot by Tanner Pearson.
12:26 of 1st period - Goal by Tanner Pearson - Rangers : 0 - Flames : 1.
12:27 of 1st period - Sean Couturier wins face-off versus Jimmy Hayes in neutral zone.
13:18 of 1st period - Jake DeBrusk is hit by Vince Dunn and loses puck.
13:47 of 1st period - Snap shot by Victor Rask.
13:47 of 1st period - Shot Blocked by Derrick Pouliot.
14:45 of 1st period - Brad Marchand is hit by Devante Smith-Pelly and loses puck.
14:54 of 1st period - Snap shot by Milan Lucic.
14:54 of 1st period - Deflect By Tomas Hertl.
14:54 of 1st period - Shot Misses the Net.
14:54 of 1st period - Puck is out of play.
14:55 of 1st period - Sean Couturier wins face-off versus Patrik Berglund in Flames zone.
16:15 of 1st period - Wrist shot by David Pope.
16:15 of 1st period - Shot Misses the Net.
16:49 of 1st period - Jake DeBrusk is hit by Viktor Arvidsson and loses puck.
17:18 of 1st period - Wrist shot by Jimmy Hayes.
17:18 of 1st period - Stopped by Samuel Montembeault with a rebound.
17:20 of 1st period - Slapshot by Rasmus Andersson.
17:20 of 1st period - Shot Blocked by Ondrej Palat.
17:36 of 1st period - Slapshot by Evgeny Svechnikov.
17:36 of 1st period - Deflect By Anders Lee.
17:36 of 1st period - Shot Blocked by Vince Dunn.
17:36 of 1st period - Puck is out of play.
17:37 of 1st period - Anders Lee wins face-off versus Sean Couturier in Rangers zone.
17:44 of 1st period - Snap shot by Evgeny Svechnikov.
17:44 of 1st period - Stopped by Samuel Montembeault with a rebound.
17:54 of 1st period - Slapshot by Ryan Strome.
17:54 of 1st period - Stopped by Jonathan Quick with a rebound.
18:06 of 1st period - Icing by Cale Makar.
18:07 of 1st period - Kyle Palmieri wins face-off versus Tomas Hertl in Rangers zone.
18:39 of 1st period - Brad Marchand is hit by Cale Makar and loses puck.
19:06 of 1st period - Snap shot by Jimmy Hayes.
19:06 of 1st period - Deflect By Tomas Hertl.
19:06 of 1st period - Shot Blocked by Cale Makar.
19:06 of 1st period - Puck is out of play.
19:07 of 1st period - Sean Couturier wins face-off versus Patrik Berglund in Rangers zone.
19:40 of 1st period - Wrist shot by Victor Rask.
19:40 of 1st period - Shot Blocked by Mikhail Sergachev.
19:48 of 1st period - Wrist shot by Tanner Pearson.
19:48 of 1st period - Stopped by Samuel Montembeault with a rebound.
19:50 of 1st period - Wrist shot by Kevin Labanc.
19:50 of 1st period - Shot Blocked by Henrik Samuelsson.
Goals for this period are 0 for Rangers vs 1 for Flames.
Shots for this period are 10 for Rangers vs 7 for Flames.
2nd period
0:01 of 2nd period - Sean Couturier wins face-off versus Patrik Berglund in neutral zone.
0:08 of 2nd period - Snap shot by Erik Johnson.
0:08 of 2nd period - Shot Hit the Post.
0:30 of 2nd period - Slapshot by Derrick Pouliot.
0:30 of 2nd period - Shot Blocked by Tanner Pearson.
0:40 of 2nd period - Steven Santini is hit by Erik Johnson.
0:56 of 2nd period - Slapshot by Sami Vatanen.
0:56 of 2nd period - Stopped by Samuel Montembeault without a rebound.
0:57 of 2nd period - Kyle Palmieri wins face-off versus Viktor Arvidsson in Rangers zone.
1:08 of 2nd period - Slapshot by Jimmy Hayes.
1:08 of 2nd period - Shot Blocked by Ryan Strome.
1:10 of 2nd period - Slapshot by Kyle Palmieri.
1:10 of 2nd period - Stopped by Samuel Montembeault with a rebound.
1:26 of 2nd period - Snap shot by Jimmy Hayes.
1:26 of 2nd period - Stopped by Samuel Montembeault with a rebound.
1:28 of 2nd period - Slapshot by Rasmus Andersson.
1:28 of 2nd period - Shot Blocked by Jake McCabe.
1:44 of 2nd period - Wrist shot by Kyle Palmieri.
1:44 of 2nd period - Shot Misses the Net.
1:52 of 2nd period - Snap shot by Christian Folin.
1:52 of 2nd period - Deflect By Cale Makar.
1:52 of 2nd period - Stopped by Samuel Montembeault without a rebound.
1:53 of 2nd period - Casey Mittelstadt wins face-off versus Patrik Berglund in Rangers zone.
1:57 of 2nd period - Off-side.
1:58 of 2nd period - Ondrej Palat wins face-off versus Patrik Berglund in neutral zone.
2:01 of 2nd period - Slapshot by Mikhail Sergachev.
2:01 of 2nd period - Stopped by Jonathan Quick with a rebound.
2:06 of 2nd period - Erik Johnson is hit by Vince Dunn and loses puck.
2:47 of 2nd period - Slapshot by Sami Vatanen.
2:47 of 2nd period - Deflect By Derrick Pouliot.
2:47 of 2nd period - Stopped by Samuel Montembeault with a rebound.
2:53 of 2nd period - Snap shot by David Ullstrom.
2:53 of 2nd period - Shot Misses the Net.
3:23 of 2nd period - Slapshot by Esa Lindell.
3:23 of 2nd period - Deflect By Brad Marchand.
3:23 of 2nd period - Shot Misses the Net.
3:23 of 2nd period - Puck is out of play.
3:24 of 2nd period - Tomas Hertl wins face-off versus Patrik Berglund in Rangers zone.
3:51 of 2nd period - Sean Couturier is hit by Esa Lindell and loses puck.
3:58 of 2nd period - Slapshot by Mikhail Sergachev.
3:58 of 2nd period - Shot Blocked by Esa Lindell.
4:00 of 2nd period - Slapshot by Mikhail Sergachev.
4:00 of 2nd period - Stopped by Jonathan Quick without a rebound.
4:01 of 2nd period - Casey Mittelstadt wins face-off versus Kyle Palmieri in Flames zone.
4:09 of 2nd period - Snap shot by Ondrej Palat.
4:09 of 2nd period - Shot Misses the Net.
5:15 of 2nd period - Slapshot by Esa Lindell.
5:15 of 2nd period - Stopped by Samuel Montembeault with a rebound.
5:45 of 2nd period - Slapshot by Esa Lindell.
5:45 of 2nd period - Shot Blocked by Derrick Pouliot.
5:57 of 2nd period - Snap shot by Ryan Strome.
5:57 of 2nd period - Stopped by Jonathan Quick with a rebound.
5:59 of 2nd period - Wrist shot by Tomas Hertl.
5:59 of 2nd period - Shot Blocked by Bryan Rust.
6:01 of 2nd period - Snap shot by Tomas Hertl.
6:01 of 2nd period - Deflect By Milan Lucic.
6:01 of 2nd period - Stopped by Jonathan Quick without a rebound.
6:02 of 2nd period - Patrik Berglund wins face-off versus Milan Lucic in Flames zone.
6:53 of 2nd period - Wrist shot by Kevin Labanc.
6:53 of 2nd period - Stopped by Samuel Montembeault without a rebound.
6:54 of 2nd period - Henrik Samuelsson wins face-off versus Brad Marchand in Rangers zone.
7:01 of 2nd period - Backhand shot by David Pope.
7:01 of 2nd period - Shot Blocked by Christian Folin.
7:07 of 2nd period - Snap shot by Kyle Palmieri.
7:07 of 2nd period - Shot Blocked by Vince Dunn.
7:44 of 2nd period - Christian Folin is hit by Derrick Pouliot and loses puck.
8:21 of 2nd period - Snap shot by Tomas Hertl.
8:21 of 2nd period - Stopped by Jonathan Quick with a rebound.
8:23 of 2nd period - Slapshot by Steven Santini.
8:23 of 2nd period - Stopped by Jonathan Quick without a rebound.
8:24 of 2nd period - Victor Rask wins face-off versus Sean Couturier in Flames zone.
8:48 of 2nd period - Icing by Tanner Pearson.
8:49 of 2nd period - Casey Mittelstadt wins face-off versus Kyle Palmieri in Flames zone.
9:19 of 2nd period - Minor Penalty to Rasmus Andersson for Goalie Interference.
9:20 of 2nd period - Victor Rask wins face-off versus Sean Couturier in Flames zone.
9:20 of 2nd period - Victor Rask is hit by Sean Couturier.
9:37 of 2nd period - Wrist shot by Sean Couturier.
9:37 of 2nd period - Goal by Sean Couturier - Rangers : 1 - Flames : 1.
9:38 of 2nd period - Patrik Berglund wins face-off versus Sean Couturier in neutral zone.
9:41 of 2nd period - Slapshot by Sami Vatanen.
9:41 of 2nd period - Shot Blocked by Cale Makar.
9:55 of 2nd period - Slapshot by Viktor Arvidsson.
9:55 of 2nd period - Shot Blocked by Erik Johnson.
10:07 of 2nd period - Henrik Samuelsson is hit by Jimmy Hayes and loses puck.
10:32 of 2nd period - Victor Rask is hit by Casey Mittelstadt and loses puck.
10:49 of 2nd period - Christian Folin is hit by Milan Lucic and loses puck.
11:12 of 2nd period - Slapshot by Jake DeBrusk.
11:12 of 2nd period - Shot Blocked by Mikhail Sergachev.
11:14 of 2nd period - Snap shot by Patrik Berglund.
11:14 of 2nd period - Goal by Patrik Berglund - Rangers : 1 - Flames : 2.
11:15 of 2nd period - Ryan Strome wins face-off versus Patrik Berglund in neutral zone.
11:17 of 2nd period - Off-side.
11:18 of 2nd period - Patrik Berglund wins face-off versus Sean Couturier in neutral zone.
11:53 of 2nd period - Snap shot by Henrik Samuelsson.
11:53 of 2nd period - Shot Blocked by Erik Johnson.
11:55 of 2nd period - Snap shot by Vince Dunn.
11:55 of 2nd period - Shot Blocked by Sami Vatanen.
11:57 of 2nd period - Snap shot by David Pope.
11:57 of 2nd period - Shot Misses the Net.
11:59 of 2nd period - Slapshot by Mikhail Sergachev.
11:59 of 2nd period - Stopped by Jonathan Quick with a rebound.
12:17 of 2nd period - Icing by Jimmy Hayes.
12:18 of 2nd period - Kyle Palmieri wins face-off versus Sean Couturier in Flames zone.
13:17 of 2nd period - Snap shot by Kyle Palmieri.
13:17 of 2nd period - Shot Misses the Net.
13:19 of 2nd period - Snap shot by Jimmy Hayes.
13:19 of 2nd period - Goal by Jimmy Hayes - Rangers : 1 - Flames : 3.
13:20 of 2nd period - Patrik Berglund wins face-off versus Casey Mittelstadt in neutral zone.
13:45 of 2nd period - Jake DeBrusk is hit by David Pope and loses puck.
13:56 of 2nd period - Slapshot by Jake DeBrusk.
13:56 of 2nd period - Shot Misses the Net.
14:01 of 2nd period - Off-side.
14:02 of 2nd period - Devante Smith-Pelly wins face-off versus Victor Rask in neutral zone.
14:05 of 2nd period - Slapshot by Milan Lucic.
14:05 of 2nd period - Stopped by Jonathan Quick without a rebound.
14:06 of 2nd period - Tomas Hertl wins face-off versus Victor Rask in Flames zone.
14:19 of 2nd period - Snap shot by Tomas Hertl.
14:19 of 2nd period - Stopped by Jonathan Quick with a rebound.
14:21 of 2nd period - Wrist shot by Tomas Hertl.
14:21 of 2nd period - Deflect By Devante Smith-Pelly.
14:21 of 2nd period - Shot Misses the Net.
14:21 of 2nd period - Puck is out of play.
14:22 of 2nd period - Casey Mittelstadt wins face-off versus Patrik Berglund in Flames zone.
14:23 of 2nd period - Wrist shot by Ondrej Palat.
14:23 of 2nd period - Shot Misses the Net.
14:29 of 2nd period - Connor Chatam is hit by Esa Lindell.
14:56 of 2nd period - Snap shot by Kevin Labanc.
14:56 of 2nd period - Stopped by Samuel Montembeault without a rebound.
14:57 of 2nd period - Henrik Samuelsson wins face-off versus Kyle Palmieri in Rangers zone.
15:30 of 2nd period - Snap shot by Bryan Rust.
15:30 of 2nd period - Shot Misses the Net.
15:32 of 2nd period - Slapshot by Rasmus Andersson.
15:32 of 2nd period - Stopped by Samuel Montembeault without a rebound.
15:33 of 2nd period - Patrik Berglund wins face-off versus Casey Mittelstadt in Rangers zone.
15:46 of 2nd period - Snap shot by Bryan Rust.
15:46 of 2nd period - Shot Misses the Net.
16:02 of 2nd period - Wrist shot by Jake McCabe.
16:02 of 2nd period - Deflect By Ryan Strome.
16:02 of 2nd period - Stopped by Jonathan Quick without a rebound.
16:03 of 2nd period - Sean Couturier wins face-off versus Kevin Labanc in Flames zone.
16:23 of 2nd period - Snap shot by Kevin Labanc.
16:23 of 2nd period - Stopped by Samuel Montembeault without a rebound.
16:24 of 2nd period - Patrik Berglund wins face-off versus Tomas Hertl in Rangers zone.
16:27 of 2nd period - Slapshot by Jake DeBrusk.
16:27 of 2nd period - Stopped by Samuel Montembeault with a rebound.
16:51 of 2nd period - Oliver Bjorkstrand is hit by Christian Folin and loses puck.
17:20 of 2nd period - Minor Penalty to Ondrej Palat for Holding Stick.
17:21 of 2nd period - Patrik Berglund wins face-off versus Casey Mittelstadt in Rangers zone.
17:22 of 2nd period - Wrist shot by Jimmy Hayes.
17:22 of 2nd period - Goal by Jimmy Hayes - Rangers : 1 - Flames : 4.
17:23 of 2nd period - Sean Couturier wins face-off versus Patrik Berglund in neutral zone.
17:39 of 2nd period - Minor Penalty to Christian Folin for Holding Stick.
17:40 of 2nd period - Victor Rask wins face-off versus Ryan Strome in Flames zone.
17:40 of 2nd period - Victor Rask is hit by Sean Couturier.
17:55 of 2nd period - Snap shot by Ryan Strome.
17:55 of 2nd period - Deflect By Milan Lucic.
17:55 of 2nd period - Shot Misses the Net.
17:55 of 2nd period - Puck is out of play.
17:56 of 2nd period - Victor Rask wins face-off versus Sean Couturier in Flames zone.
18:07 of 2nd period - Wrist shot by Milan Lucic.
18:07 of 2nd period - Shot Blocked by Sami Vatanen.
19:39 of 2nd period - Penalty to Christian Folin is over, Christian Folin is back on ice.
Goals for this period are 1 for Rangers vs 3 for Flames.
Shots for this period are 11 for Rangers vs 14 for Flames.
3rd period
0:01 of 3rd period - Sean Couturier wins face-off versus Patrik Berglund in neutral zone.
0:10 of 3rd period - Snap shot by Ryan Strome.
0:10 of 3rd period - Shot Misses the Net.
0:45 of 3rd period - Off-side.
0:46 of 3rd period - Victor Rask wins face-off versus Henrik Samuelsson in neutral zone.
0:59 of 3rd period - Snap shot by David Pope.
0:59 of 3rd period - Shot Misses the Net.
1:01 of 3rd period - Slapshot by Jake McCabe.
1:01 of 3rd period - Shot Misses the Net.
1:12 of 3rd period - Icing by Esa Lindell.
1:13 of 3rd period - Patrik Berglund wins face-off versus Casey Mittelstadt in Flames zone.
1:40 of 3rd period - Jimmy Hayes is hit by Viktor Arvidsson and loses puck.
2:01 of 3rd period - Derrick Pouliot is hit by Colby Robak and loses puck.
2:34 of 3rd period - Snap shot by David Pope.
2:34 of 3rd period - Goal by David Pope - Rangers : 2 - Flames : 4.
2:35 of 3rd period - Patrik Berglund wins face-off versus Sean Couturier in neutral zone.
2:38 of 3rd period - Ryan Strome is hit by Bryan Rust and loses puck.
3:07 of 3rd period - Off-side.
3:08 of 3rd period - Kyle Palmieri wins face-off versus Casey Mittelstadt in neutral zone.
3:29 of 3rd period - Minor Penalty to Erik Johnson for Hooking.
3:30 of 3rd period - Sean Couturier wins face-off versus Victor Rask in Flames zone.
3:57 of 3rd period - Bryan Rust is hit by Vince Dunn and loses puck.
4:46 of 3rd period - Snap shot by Brad Marchand.
4:46 of 3rd period - Shot Misses the Net.
5:02 of 3rd period - Mikhail Sergachev is hit by Bryan Rust.
5:29 of 3rd period - Penalty to Erik Johnson is over, Erik Johnson is back on ice.
6:41 of 3rd period - Icing by Bryan Rust.
6:42 of 3rd period - Anders Lee wins face-off versus Tomas Hertl in Flames zone.
7:33 of 3rd period - Kevin Labanc is hit by Casey Mittelstadt and loses puck.
7:49 of 3rd period - Off-side.
7:50 of 3rd period - Henrik Samuelsson wins face-off versus Patrik Berglund in neutral zone.
7:55 of 3rd period - Backhand shot by Cale Makar.
7:55 of 3rd period - Shot Blocked by Jake DeBrusk.
8:05 of 3rd period - Slapshot by Jake DeBrusk.
8:05 of 3rd period - Stopped by Samuel Montembeault without a rebound.
8:06 of 3rd period - Ryan Strome wins face-off versus Kyle Palmieri in Rangers zone.
8:21 of 3rd period - Wrist shot by Erik Johnson.
8:21 of 3rd period - Deflect By Jimmy Hayes.
8:21 of 3rd period - Stopped by Samuel Montembeault without a rebound.
8:22 of 3rd period - Patrik Berglund wins face-off versus Tomas Hertl in Rangers zone.
8:23 of 3rd period - Snap shot by Bryan Rust.
8:23 of 3rd period - Shot Misses the Net.
8:25 of 3rd period - Slapshot by Erik Johnson.
8:25 of 3rd period - Shot Blocked by Devante Smith-Pelly.
8:27 of 3rd period - Slapshot by Sami Vatanen.
8:27 of 3rd period - Goal by Sami Vatanen - Rangers : 2 - Flames : 5.
8:27 of 3rd period - Eric Comrie enters game.
8:28 of 3rd period - Sean Couturier wins face-off versus Patrik Berglund in neutral zone.
8:31 of 3rd period - Slapshot by Cale Makar.
8:31 of 3rd period - Goal by Cale Makar - Rangers : 3 - Flames : 5.
8:32 of 3rd period - Sean Couturier wins face-off versus Patrik Berglund in neutral zone.
8:37 of 3rd period - Wrist shot by Ryan Strome.
8:37 of 3rd period - Shot Misses the Net.
8:45 of 3rd period - Wrist shot by Viktor Arvidsson.
8:45 of 3rd period - Stopped by Jonathan Quick without a rebound.
8:46 of 3rd period - Tomas Hertl wins face-off versus Patrik Berglund in Flames zone.
8:57 of 3rd period - Snap shot by Cale Makar.
8:57 of 3rd period - Stopped by Jonathan Quick with a rebound.
8:59 of 3rd period - Wrist shot by Devante Smith-Pelly.
8:59 of 3rd period - Shot Misses the Net.
9:01 of 3rd period - Slapshot by Cale Makar.
9:01 of 3rd period - Shot Misses the Net.
9:04 of 3rd period - Minor Penalty to Devante Smith-Pelly for Interference.
9:05 of 3rd period - Casey Mittelstadt wins face-off versus Patrik Berglund in Rangers zone.
10:27 of 3rd period - Off-side.
10:28 of 3rd period - Patrik Berglund wins face-off versus Ryan Strome in neutral zone.
11:04 of 3rd period - Penalty to Devante Smith-Pelly is over, Devante Smith-Pelly is back on ice.
12:16 of 3rd period - Slapshot by Ondrej Palat.
12:16 of 3rd period - Deflect By Casey Mittelstadt.
12:16 of 3rd period - Stopped by Jonathan Quick without a rebound.
12:17 of 3rd period - Casey Mittelstadt wins face-off versus Victor Rask in Flames zone.
12:49 of 3rd period - Wrist shot by Jake DeBrusk.
12:49 of 3rd period - Shot Misses the Net.
13:08 of 3rd period - Icing by Milan Lucic.
13:09 of 3rd period - Anders Lee wins face-off versus Tomas Hertl in Rangers zone.
13:17 of 3rd period - Minor Penalty to Tomas Hertl for Cross-checking.
13:18 of 3rd period - Patrik Berglund wins face-off versus Casey Mittelstadt in Rangers zone.
13:30 of 3rd period - Snap shot by Jake DeBrusk.
13:30 of 3rd period - Stopped by Eric Comrie without a rebound.
13:31 of 3rd period - Patrik Berglund wins face-off versus Casey Mittelstadt in Rangers zone.
13:39 of 3rd period - Wrist shot by Patrik Berglund.
13:39 of 3rd period - Shot Blocked by Jake McCabe.
13:41 of 3rd period - Slapshot by Erik Johnson.
13:41 of 3rd period - Shot Blocked by Cale Makar.
13:43 of 3rd period - Snap shot by Jake DeBrusk.
13:43 of 3rd period - Stopped by Eric Comrie without a rebound.
13:44 of 3rd period - Patrik Berglund wins face-off versus Casey Mittelstadt in Rangers zone.
14:22 of 3rd period - Off-side.
14:23 of 3rd period - Tanner Pearson wins face-off versus Sean Couturier in neutral zone.
15:00 of 3rd period - Cale Makar is hit by Kevin Labanc and loses puck.
15:05 of 3rd period - Wrist shot by Tanner Pearson.
15:05 of 3rd period - Shot Misses the Net.
15:07 of 3rd period - Slapshot by Kevin Labanc.
15:07 of 3rd period - Stopped by Eric Comrie with a rebound.
15:09 of 3rd period - Slapshot by Christian Folin.
15:09 of 3rd period - Deflect By Kevin Labanc.
15:09 of 3rd period - Shot Misses the Net.
15:09 of 3rd period - Puck is out of play.
15:10 of 3rd period - Patrik Berglund wins face-off versus Casey Mittelstadt in Rangers zone.
15:17 of 3rd period - Penalty to Tomas Hertl is over, Tomas Hertl is back on ice.
15:23 of 3rd period - Snap shot by Milan Lucic.
15:23 of 3rd period - Stopped by Jonathan Quick without a rebound.
15:24 of 3rd period - Henrik Samuelsson wins face-off versus Patrik Berglund in Flames zone.
15:25 of 3rd period - Snap shot by Oliver Bjorkstrand.
15:25 of 3rd period - Stopped by Jonathan Quick without a rebound.
15:26 of 3rd period - Henrik Samuelsson wins face-off versus Patrik Berglund in Flames zone.
15:39 of 3rd period - Slapshot by David Pope.
15:39 of 3rd period - Stopped by Jonathan Quick with a rebound.
15:41 of 3rd period - Slapshot by Vince Dunn.
15:41 of 3rd period - Shot Misses the Net.
15:43 of 3rd period - Snap shot by Oliver Bjorkstrand.
15:43 of 3rd period - Stopped by Jonathan Quick without a rebound.
15:44 of 3rd period - Casey Mittelstadt wins face-off versus Victor Rask in Flames zone.
17:20 of 3rd period - Wrist shot by Kevin Labanc.
17:20 of 3rd period - Shot Hit the Post.
17:22 of 3rd period - Snap shot by Colby Robak.
17:22 of 3rd period - Shot Blocked by Cale Makar.
17:45 of 3rd period - David Pope is hit by Sami Vatanen and loses puck.
17:51 of 3rd period - Icing by Cale Makar.
17:52 of 3rd period - Henrik Samuelsson wins face-off versus Victor Rask in Rangers zone.
18:44 of 3rd period - Snap shot by Christian Folin.
18:44 of 3rd period - Shot Misses the Net.
18:52 of 3rd period - Slapshot by Viktor Arvidsson.
18:52 of 3rd period - Shot Misses the Net.
19:11 of 3rd period - Wrist shot by Tomas Hertl.
19:11 of 3rd period - Goal by Tomas Hertl - Rangers : 4 - Flames : 5.
19:12 of 3rd period - Patrik Berglund wins face-off versus Sean Couturier in neutral zone.
19:21 of 3rd period - Snap shot by Bryan Rust.
19:21 of 3rd period - Stopped by Eric Comrie without a rebound.
19:22 of 3rd period - Claude Julien call a timeout for Rangers.
19:22 of 3rd period - Patrik Berglund wins face-off versus Devante Smith-Pelly in Rangers zone.
19:43 of 3rd period - Wrist shot by Patrik Berglund.
19:43 of 3rd period - Shot Misses the Net.
19:45 of 3rd period - Snap shot by Bryan Rust.
19:45 of 3rd period - Shot Misses the Net.
19:47 of 3rd period - Snap shot by Brad Marchand.
19:47 of 3rd period - Shot Misses the Net.
19:51 of 3rd period - Snap shot by Bryan Rust.
19:51 of 3rd period - Stopped by Eric Comrie without a rebound.
19:52 of 3rd period - Patrik Berglund wins face-off versus Sean Couturier in Rangers zone.
19:55 of 3rd period - Snap shot by Patrik Berglund.
19:55 of 3rd period - Deflect By Milan Lucic.
19:55 of 3rd period - Stopped by Eric Comrie without a rebound.
19:56 of 3rd period - Sean Couturier wins face-off versus Patrik Berglund in Rangers zone.
Goals for this period are 3 for Rangers vs 1 for Flames.
Shots for this period are 10 for Rangers vs 9 for Flames.